 Dungeon Crawl Stone Soup version 0.22.0-25-g7663229ff0 (webtiles) character file.

94 Acheron the Skirmisher (level 4, -1/40 HPs)
             Began as a Hill Orc Abyssal Knight on Aug 20, 2018.
             Was a Follower of Lugonu.
             Slain by an orc wizard
             ... wielding a +0 dagger
              (3 damage)
             ... on level 4 of the Dungeon.
             The game lasted 00:09:02 (1815 turns).

Acheron the Skirmisher (Hill Orc Abyssal Knight)    Turns: 1815, Time: 00:09:03

Health: -1/40      AC:  8    Str: 19    XL:     4   Next: 63%
Magic:  6/6        EV: 10    Int: 12    God:    Lugonu [*.....]
Gold:   153        SH:  0    Dex: 11    Spells: 3/3 levels left

rFire    . . .     SeeInvis .   p - -3 war axe (curse)
rCold    . . .     Gourm    .   (no shield)
rNeg     . . .     Faith    .   l - +0 scale mail
rPois    .         Spirit   .   n - +0 helmet
rElec    .         Reflect  .   (no cloak)
rCorr    .         Harm     .   k - +0 pair of gloves
MR       .....                  (no boots)
Stlth    ..........             (no amulet)
HPRegen  0.13/turn              (no ring)
MPRegen  0.10/turn              (no ring)

@: mighty
A: no striking features
a: Depart the Abyss, Renounce Religion, Convert to Beogh


You were on level 4 of the Dungeon.
You worshipped Lugonu.
Lugonu was aware of your devotion.
You were not hungry.

You visited 1 branch of the dungeon, and saw 4 of its levels.
You visited the Abyss 1 time.

You collected 153 gold pieces.

Inventory:

Hand Weapons
 a - a +2 mace
 p - a cursed -3 war axe (weapon)
   (You took it off an orc on level 3 of the Dungeon)
 q - a +0 trident
   (You took it off an orc on level 3 of the Dungeon)
 s - a +5 war axe
   (You took it off an orc on level 3 of the Dungeon)
Missiles
 d - 57 stones
 o - 9 tomahawks (quivered)
 t - 6 needles of sleeping
Armour
 b - a +0 leather armour
 k - a +0 pair of gloves (worn)
   (You found it on level 2 of the Dungeon)
 l - a +0 scale mail (worn)
   (You found it on level 1 of the Dungeon)
 n - a +0 helmet (worn)
   (You found it on level 2 of the Dungeon)
Scrolls
 g - a scroll of teleportation {@r4}
 i - 3 scrolls of identify {@r1}
Potions
 c - 2 potions of curing {@q1}
 f - a potion of cancellation
 h - a potion of flight
 j - 2 potions of magic
Comestibles
 e - 2 rations {!d}
 m - 2 chunks of flesh


   Skills:
 + Level 4.0 Fighting
 + Level 2.7 Maces & Flails
 + Level 2.5 Armour
 + Level 1.6 Dodging
 * Level 1.9 Stealth
 * Level 3.2 Invocations


You had 3 spell levels left.
You didn't know any spells.
Your spell library was empty.

Dungeon Overview and Level Annotations

Branches:
Dungeon (4/15)
 Temple: D:4-7

Altars:
Nemelex Xobeh


Message History

You hear the slow hiss of a very distant avalanche of sand.
There is a stone staircase leading up here.
The orc priest is too close now for your liking.
The orc priest calls down the wrath of Beogh upon you.
Beogh smites you!
You open the door. 2 orcs come into view.
The orc shouts! x2
An orc wizard comes into view. It is wielding a dagger.
There is an open door here.
The orc wizard points at you and mumbles some strange words.
The magic dart hits you!
You close the door.
You closely miss the orc. You barely miss the orc. The orc barely misses you.
The orc closely misses you. The orc wizard casts a spell at you.
The puff of flame hits you!
* * * LOW HITPOINT WARNING * * *
You barely miss the orc. You closely miss the orc.
The orc hits you but does no damage. The orc hits you with a war axe!
* * * LOW HITPOINT WARNING * * *
The orc barely misses you. The orc closely misses you.
As you read the scroll of identify {@r1}, it crumbles to dust.
r - a potion of might The orc barely misses you.
You feel very mighty all of a sudden. The orc hits you with a war axe.
* * * LOW HITPOINT WARNING * * *
An orc priest opens the door.
The orc hits you but does no damage.
You hit the orc. You slash the orc!
You kill the orc!
Lugonu accepts your kill.
The orc priest looks satisfied for a moment.
The orc hits you with a short sword.
* * * LOW HITPOINT WARNING * * *
The orc wizard mumbles some strange words.
The orc wizard seems to speed up.
You closely miss the orc priest. You slash the orc!
You kill the orc!
Lugonu accepts your kill.
The orc wizard looks encouraged for a moment.
The orc priest hits you but does no damage.
Unknown command.
You closely miss the orc priest. You slash the orc wizard!
The orc priest shouts, "Beogh is our master!
Accept the truth or die!"
The orc wizard closely misses you. The orc priest closely misses you.
The orc wizard closely misses you. The orc priest barely misses you.
You closely miss the orc priest. You barely miss the orc wizard.
The orc wizard hits you with a dagger.
You die...

#.##o######...#####
#.##...............
#.########.....### #.#
##...## #.# ##.##
#####.##### #.#
#...o.....# #.#
#.###.###.# ##o## #.#
#.###.# ##o@.## #.#
#.....# ##..)..##
#.####.##.###.<.....#
#.......o.##.........#
####....<..'.........+
##...#.##........##
##.##.###......≈#
####.# ##....≈≈# #.#
##o..≈8#


You could see an orc priest and an orc wizard.

Vanquished Creatures
  An orc wizard (D:3)
  An ooze (D:3)
  A worm (D:2)
  3 dart slugs
  A leopard gecko (D:4)
  11 orcs
  3 bats
  4 goblins (D:3)
  5 hobgoblins
  A frilled lizard (D:1)
  5 kobolds
  5 rats
41 creatures vanquished.

Notes
Turn   | Place    | Note
-------+----------+-------------------------------------------
     0 | Abyss:1  | Acheron the Hill Orc Abyssal Knight began the quest for the Orb.
     0 | Abyss:1  | Reached XP level 1. HP: 19/19 MP: 2/2
    21 | Abyss:2  | Noticed a small abomination
    54 | Abyss:2  | Noticed a spiny frog simulacrum
    56 | D:1      | Escaped the Abyss
   274 | D:1      | Reached skill level 1 in Dodging
   274 | D:1      | Reached XP level 2. HP: 25/27 MP: 3/3
   373 | D:1      | Found a sparkling altar of Nemelex Xobeh.
   475 | D:1      | Reached * piety under Lugonu
   836 | D:2      | Reached skill level 1 in Stealth
   912 | D:2      | Reached XP level 3. HP: 30/33 MP: 4/4
   990 | D:3      | Reached XP level 4. HP: 34/40 MP: 6/6
  1497 | D:3      | Reached skill level 4 in Fighting
  1812 | D:4      | HP: 2/40 [orc/short sword (2)]
  1815 | D:4      | Slain by an orc wizard

Skill      XL: |  1  2  3  4 |
---------------+-------------+-----
Dodging        | 1 |  1.6
Stealth        | 1 |  1.9
Invocations    | 3 |  3.2
Fighting       | 4 |  4.0
Maces & Flails | |  2.7
Armour         | |  2.5

Action                   |  1- 3 |  4- 6 || total
-------------------------+-------+-------++-------
Melee: Mace              |    60 |       ||    60
       War axe           |       |    82 ||    82
Invok: Depart the Abyss  |     1 |       ||     1
  Use: Scroll            |     9 |     2 ||    11
       Potion            |       |     1 ||     1
  Eat: Chunk             |       |     3 ||     3
Armor: Leather armour    |     2 |       ||     2
       Scale mail        |    23 |    32 ||    55
Dodge: Dodged            |    45 |    52 ||    97
